 Dungeon Crawl Stone Soup version 0.24-b1-1-gac51ba0 (webtiles) character file.

Game seed: 3208136678634397839, levelgen mode: classic

4400 TheGoonsmith the Covert (level 10, -2/46 HPs)
             Began as a Spriggan Enchanter on Aug 10, 2019.
             Was a Believer of Dithmenos.
             Killed from afar by an electric eel (14 damage)
             ... with a bolt of electricity
             ... on level 9 of the Dungeon on Oct 13, 2019.
             The game lasted 00:34:48 (11088 turns).

TheGoonsmith the Covert (Spriggan Enchanter)       Turns: 11088, Time: 00:34:49

Health: -2/46      AC:  4    Str:  4    XL:     10   Next: 13%
Magic:  18/18      EV: 24    Int: 19    God:    Dithmenos [**....]
Gold:   105        SH:  8    Dex: 21    Spells: 9/19 levels left

rFire    + . .     SeeInvis +   B - +2 short sword (venom)
rCold    . . .     Gourm    .   z - +0 buckler (curse)
rNeg     . . .     Faith    .   u - +2 robe {rF+}
rPois    +         Spirit   .   (helmet restricted)
rElec    .         Reflect  .   (no cloak)
rCorr    .         Harm     .   (gloves unavailable)
MR       +....                  (boots unavailable)
Stlth    ++++++....             (no amulet)
HPRegen  0.15/turn              s - +3 ring of dexterity
MPRegen  0.16/turn              h - ring of poison resistance

@: wreathed by umbra, very quick
A: very small, unfitting armour, see invisible, herbivore, speed 3, slow
metabolism 2
a: Shadow Step, Renounce Religion


You were on level 9 of the Dungeon.
You worshipped Dithmenos.
Dithmenos was pleased with you.
You were hungry.

You visited 1 branch of the dungeon, and saw 9 of its levels.

You collected 432 gold pieces.
You spent 327 gold pieces at shops.

Inventory:

Hand Weapons
 a - a +1 dagger
 A - a +2 dagger of speed
 B - a +2 short sword of venom (weapon)
 F - the +5 rapier of Untruth {pierce, +Fly rC- Int+8}
   (You found it on level 8 of the Dungeon)

   It inflicts extra damage upon your enemies.
   It affects your intelligence (+8).
   It makes you vulnerable to cold.
   It lets you fly.
Missiles
 e - 7 datura-tipped darts
 q - 51 poisoned darts (quivered)
 G - 2 throwing nets
Armour
 u - a +2 robe of fire resistance (worn)
 z - a cursed +0 buckler (worn)
Jewellery
 h - a ring of poison resistance (right hand)
 s - a +3 ring of dexterity (left hand)
Wands
 C - a wand of iceblast (21)
 D - a wand of clouds (4)
 J - a wand of acid (7)
Scrolls
 c - 6 scrolls of teleportation
 j - a scroll of fog
 p - 7 scrolls of remove curse
 r - 5 scrolls of identify
 t - a scroll of blinking
 v - a scroll of magic mapping
 x - 2 scrolls of amnesia
 y - a scroll of enchant armour
 E - a scroll of brand weapon {unknown}
 H - a scroll of summoning {unknown}
Potions
 b - 3 potions of might
 f - 2 potions of lignification
 g - 4 potions of curing
 i - a potion of haste
 k - 3 potions of heal wounds
 l - a potion of resistance
 m - 2 potions of flight
 n - a potion of brilliance
 o - 2 potions of agility
 w - 2 potions of mutation
 I - 2 potions of degeneration {unknown}
 K - a potion of berserk rage {unknown}
Comestibles
 d - 16 rations


   Skills:
 - Level 2.2 Fighting
 - Level 6.0 Short Blades
 - Level 4.5 Throwing
 - Level 7.2 Dodging
 - Level 8.4 Stealth
 + Level 6.4 Shields
 - Level 5.1 Spellcasting
 - Level 6.2 Hexes
 - Level 3.3 Translocations
 - Level 1.1 Ice Magic


You had 9 spell levels left.
You knew the following spells:

 Your Spells              Type           Power        Failure   Level  Hunger
a - Blink                 Tloc           N/A          4%          2    #......
b - Ensorcelled Hibernat  Hex/Ice        ###...       4%          2    #......
c - Confuse               Hex            ####....     3%          3    ##.....
d - Tukima's Dance        Hex            ####....     3%          3    ##.....

Your spell library contained the following spells:

 Spells                   Type           Power        Failure   Level  Hunger
 Corona                   Hex            ####...      1%          1    None
 Slow                     Hex            ####....     1%          2    #......
 Dazzling Spray           Conj/Hex       ###...       11%         3    ##.....
 Magic Dart               Conj           #...         13%         1    None
 Call Imp                 Summ           #.......     19%         2    #......
 Conjure Flame            Conj/Fire      #.......     36%         3    ##.....
 Mephitic Cloud           Conj/Pois/Air  #.......     36%         3    ##.....


Dungeon Overview and Level Annotations

Branches:
Dungeon (9/15)             Temple (0/1) D:7
   Lair: D:8-11         Orc: D:9-12

Altars:
Dithmenos
Gozag
Makhleb
Xom
Yredelemnul
Zin

Shops:
D:4 *   D:6 ?   D:8 *   D:9 *


Innate Abilities, Weirdness & Mutations

You are very small and have problems with some larger weapons.
You are too small for most types of armour.
You have supernaturally acute eyesight. (SInv)
You are a herbivore.
You cover ground extremely quickly.
You need to consume almost no food.


Message History

You enter the shallow water.
Moving in this stuff is going to be slow.
The electric eel shoots out a bolt of lightning at you!
The bolt of electricity misses you.
The electric eel shoots out a bolt of lightning at you!
The bolt of electricity hits you!
The centaur shouts!
The centaur shoots an arrow.
You block the arrow.
You hear a splash.
The centaur shoots an arrow.
The arrow completely misses you.
You hear a splash.
You see here 2 arrows.
The electric eel shoots out a bolt of lightning at you!
The bolt of electricity hits you!
The electric eel shoots out a bolt of lightning at you!
The bolt of electricity hits you!
* * * LOW HITPOINT WARNING * * *
The electric eel shoots out a bolt of lightning at you!
The bolt of electricity hits you!
You die...

#.........####≈≈##
#........?###≈≈≈≈####
#.........##≈≈≈≈≈≈..
#.........#≈≈≈≈≈≈≈#
#######.........≈≈≈≈≈≈≈≈#####
#...............#≈≈≈≈≈≈≈.....
#........########.Z≈≈≈≈≈.....
#.)......########.#;≈≈≈#.....
#......>|.....@.....;≈.+ ....
#........######.#....### ...
#........##...#.#..#c# ##
#........##.#.#.#..#.#
#........##.#.#.#..#.#
#........##.#.#.#..#.#
#........##.#.#.#..#c.
#........#......#######
######......#.....)...+


You could see a centaur and 2 electric eels.

Vanquished Creatures
  A deep elf mage (D:8)
  Grinder (D:6)
  A troll (D:9)
  A hornet (D:8)
  A hippogriff (D:8)
  A spriggan (D:8)
  A hungry ghost (D:8)
  Menkaure (D:4)
  A black bear (D:7)
  2 phantoms (D:9)
  5 centaurs
  2 ice beasts
  3 ogres
  4 bullfrogs
  Blork the orc (D:4)
  4 scorpions
  An electric eel (D:9)
  3 wights (D:7)
  A centaur zombie (D:9)
  2 crimson imps
  3 hounds
  3 jellies
  4 orc priests
  Jessica (D:3)
  3 iguanas
  Terence (D:3)
  4 orc wizards
  3 worker ants
  2 hound skeletons (D:6)
  A howler monkey zombie (D:8)
  Robin (D:4)
  16 adders
  An ooze (D:1)
  An adder zombie (D:4)
  An adder skeleton (D:8)
  5 worms
  3 dart slugs
  4 leopard geckos
  31 orcs
  8 bats
  7 giant cockroaches
  22 goblins
  14 hobgoblins
  4 jackals (D:1)
  9 kobolds
  A ball python (D:2)
  3 frilled lizards
  A jackal skeleton (D:5)
  A jackal zombie (D:6)
  A leopard gecko zombie (D:6)
  6 rats
  A bush (D:3)
  A plant (D:3)
204 creatures vanquished.

Vanquished Creatures (collateral kills)
  A wight (D:7)
1 creature vanquished.

Vanquished Creatures (others)
  3 dancing weapons (D:4)
  A plant (D:3)
4 creatures vanquished.

Grand Total: 209 creatures vanquished

Notes
Turn   | Place    | Note
-------+----------+-------------------------------------------
     0 | D:1      | TheGoonsmith the Spriggan Enchanter began the quest for the
                  | Orb.
     0 | D:1      | Reached XP level 1. HP: 9/9 MP: 5/5
   348 | D:1      | Reached XP level 2. HP: 7/13 MP: 6/6
   614 | D:1      | Learned a level 2 spell: Ensorcelled Hibernation
  1140 | D:1      | Reached XP level 3. HP: 8/16 MP: 8/8
  2130 | D:2      | Reached skill level 5 in Stealth
  2145 | D:2      | Reached XP level 4. HP: 14/21 MP: 2/9
  2238 | D:2      | Learned a level 3 spell: Confuse
  2242 | D:2      | Learned a level 3 spell: Tukima's Dance
  2600 | D:2      | Reached XP level 5. HP: 24/24 MP: 10/10
  3732 | D:3      | Upgraded the game from 0.24-a0-535-gbb0d440 to
                  | 0.24-b1-1-gac51ba0
  3843 | D:3      | Noticed Jessica
  3852 | D:3      | Found a shadowy altar of Dithmenos.
  3923 | D:3      | Killed Jessica
  3946 | D:3      | Noticed Terence
  4351 | D:3      | Killed Terence
  4351 | D:3      | Reached skill level 6 in Stealth
  4498 | D:3      | Became a worshipper of Dithmenos the Shadowed
  5278 | D:3      | Reached XP level 6. HP: 28/28 MP: 2/11
  5457 | D:4      | Learned a level 2 spell: Blink
  5597 | D:4      | Reached skill level 5 in Dodging
  5601 | D:4      | Noticed Robin
  5617 | D:3      | Reached skill level 5 in Hexes
  5714 | D:4      | Noticed Blork the orc
  5739 | D:4      | Killed Blork the orc
  6164 | D:4      | Found Conobrut's General Store.
  6170 | D:4      | Bought a potion of brilliance for 52 gold pieces
  6170 | D:4      | Bought a scroll of identify for 26 gold pieces
  6170 | D:4      | Bought 7 datura-tipped darts for 36 gold pieces
  6170 | D:4      | Noticed Menkaure
  6181 | D:4      | Reached skill level 1 in Fighting
  6183 | D:4      | Killed Menkaure
  6183 | D:4      | Reached XP level 7. HP: 33/33 MP: 6/14
  6356 | D:4      | Killed Robin
  6828 | D:5      | Entered Level 5 of the Dungeon
  7028 | D:5      | Reached skill level 1 in Translocations
  7053 | D:5      | Reached skill level 1 in Ice Magic
  7195 | D:5      | Reached skill level 5 in Spellcasting
  7456 | D:5      | Reached * piety under Dithmenos
  7593 | D:6      | Found a basalt altar of Yredelemnul.
  7597 | D:6      | Reached XP level 8. HP: 36/39 MP: 16/16
  7862 | D:6      | Reached skill level 7 in Stealth
  7980 | D:6      | Found Oxzaixum's Magic Scroll Boutique.
  8100 | D:6      | Bought a scroll of teleportation for 36 gold pieces
  8100 | D:6      | Bought a scroll of identify for 24 gold pieces
  8100 | D:6      | Bought a scroll of identify for 24 gold pieces
  8100 | D:6      | Bought a scroll of identify for 24 gold pieces
  8100 | D:6      | Bought a scroll of identify for 24 gold pieces
  8100 | D:6      | Bought a scroll of identify for 24 gold pieces
  8100 | D:6      | Bought a scroll of identify for 24 gold pieces
  8144 | D:6      | Noticed Grinder
  8169 | D:6      | Killed Grinder
  8169 | D:6      | Reached skill level 8 in Stealth
  8529 | D:6      | Found a glowing silver altar of Zin.
  8741 | D:7      | Reached skill level 1 in Shields
  8755 | D:7      | Reached skill level 5 in Short Blades
  8940 | D:7      | Found a staircase to the Ecumenical Temple.
  9167 | D:7      | Reached XP level 9. HP: 42/42 MP: 1/17
  9430 | D:7      | Reached ** piety under Dithmenos
  9453 | D:7      | Found an opulent altar of Gozag.
  9453 | D:7      | Found a shimmering altar of Xom.
  9630 | D:8      | Found a burning altar of Makhleb.
  9975 | D:8      | Reached skill level 1 in Throwing
 10121 | D:8      | Got a shimmering rapier
 10122 | D:8      | Identified the +5 rapier of Untruth {pierce, +Fly rC-
                  | Int+8} (You found it on level 8 of the Dungeon)
 10349 | D:8      | Reached skill level 5 in Shields
 10498 | D:8      | Noticed a deep elf mage
 10515 | D:8      | Killed a deep elf mage
 10524 | D:8      | Found Tuypyats's Tempting Trifles.
 10533 | D:8      | Bought a throwing net for 33 gold pieces
 10756 | D:9      | Found Veohaek's General Store.
 10757 | D:9      | Noticed a troll
 10857 | D:9      | Noticed a troll
 10863 | D:9      | Killed a troll
 10863 | D:9      | Reached XP level 10. HP: 46/46 MP: 18/18
 11088 | D:9      | Killed from afar by an electric eel

Skill      XL: |  1  2  3  4  5  6  7  8  9 10 |
---------------+-------------------------------+-----
Spellcasting   | 3 4 5 |  5.1
Short Blades   | 2 3 4 5 6 |  6.0
Hexes          | 4 5 6 |  6.2
Stealth        | 5 6 8 |  8.4
Dodging        | 4 5 7 |  7.2
Fighting       | 1 2 |  2.2
Translocations | 3 |  3.3
Ice Magic      | 1 |  1.1
Shields        | 2 5 6 |  6.4
Throwing       | 4 |  4.5

Action                   |  1- 3 |  4- 6 |  7- 9 | 10-12 || total
-------------------------+-------+-------+-------+-------++-------
Melee: Dagger            |   167 |   915 |   449 |       ||  1531
       Short sword       |       |       |   177 |    36 ||   213
Throw: Dart              |       |       |     8 |       ||     8
 Cast: Ensorcelled Hiber |    17 |    29 |     9 |       ||    55
       Corona            |     3 |       |       |       ||     3
       Confuse           |       |    13 |    46 |     6 ||    65
       Tukima's Dance    |       |     5 |     7 |       ||    12
  Use: Scroll            |       |    12 |    10 |       ||    22
 Stab: Sleeping          |    14 |    26 |    24 |     1 ||    65
       Distracted        |     1 |       |     1 |     1 ||     3
       Confused          |       |     6 |    22 |     6 ||    34
  Eat: Ration            |       |     4 |     6 |       ||    10
Armor: Robe              |    18 |    13 |    41 |       ||    72
       Skin              |       |     2 |       |       ||     2
Dodge: Dodged            |   136 |   168 |   475 |    17 ||   796
Block: Buckler           |       |       |    63 |     7 ||    70
